 Dungeon Crawl Stone Soup version 0.31-a0-819-gf6de2f5ab6 (webtiles) character file.

Game seed: 10122729608617112001

17 Bravepunisher the Ducker (level 2, 0/16 HPs)
             Began as a Spriggan Monk on Sept 24, 2023.
             Slain by an orc
             ... wielding a +0 mace
              (8 damage)
             ... on level 4 of the Dungeon.
             The game lasted 00:02:39 (621 turns).

Bravepunisher the Ducker (Spriggan Monk)             Turns: 621, Time: 00:02:39

Health: 0/16       AC:  2    Str:  7    XL:     2   Next: 44%
Magic:  3/3        EV: 19    Int: 11    God:
Gold:   38         SH:  0    Dex: 17    Spells: 1/1 levels left

rFire   . . .        a - +0 short sword
rCold   . . .        (no shield)
rNeg    . . .        b - +0 robe
rPois   .            (helmet restricted)
rElec   .            (no cloak)
rCorr   .            (gloves unavailable)
SInv    +            (boots unavailable)
Will    .....        (no amulet)
Stlth   ++           (no ring)
HPRegen 0.22/turn    (no ring)
MPRegen 0.08/turn

%: no passive effects
@: very quick
A: very small, no large weapons, unfitting armour, see invisible, speed 3
a: no special abilities


You were on level 4 of the Dungeon.
You visited 1 branch of the dungeon, and saw 5 of its levels.

You collected 38 gold pieces.

Inventory:

Hand Weapons
 a - a +0 short sword (weapon)
Armour
 b - a +0 robe (worn)
 d - an orb of light
Scrolls
 e - 3 scrolls of teleportation {unknown}
 f - 5 scrolls of identify {unknown}
 h - a scroll of poison {unknown}
 i - a scroll of fear {unknown}
Potions
 c - a potion of ambrosia
 g - 2 potions of curing {unknown}


   Skills:
 * Level 3.0 Fighting
 - Level 3.2 Short Blades
 + Level 4.4 Dodging


You had one spell level left.
You didn't know any spells.
Your spell library contained the following spells:

 Spells                   Type           Power      Damage    Failure   Level
 Summon Guardian Golem    Hex/Summ       0%         N/A       71%         3
 Orb of Destruction       Conj           0%         9d5       100%        7
 Spellforged Servitor     Conj/Summ      0%         N/A       100%        7


Dungeon Overview and Level Annotations

Branches:
Dungeon (5/15)
 Temple: D:4-7

Altars:
Ashenzari
Nemelex Xobeh
Sif Muna
Xom

Annotations:
D:4 Eustachio


Innate Abilities, Weirdness & Mutations

You are very small and have problems with some larger weapons.
You are too small for most types of armour.
You have supernaturally acute eyesight. (SInv)
You cover ground extremely quickly. (Speed+++)


Message History

The goblin completely misses you.
You hit the goblin but do no damage.
The goblin is heavily wounded.
The goblin misses you.
You barely miss the goblin.
The goblin is heavily wounded.
The goblin closely misses you.
You closely miss the goblin.
The goblin is moderately wounded.
The goblin closely misses you.
You hit the goblin.
The goblin is severely wounded.
You miss the goblin.
The goblin is severely wounded.
The goblin barely misses you.
You hit the goblin.
You kill the goblin!
Your Fighting skill increases to level 3!
HP restored.
You see here a +0 club.
Found a robe.
Eustachio and a goblin come into view.
Found 16 gold pieces.
Found 3 gold pieces.
Found 6 gold pieces and a short sword.
Found 6 stones.
An orc comes into view. It is wielding a +0 mace.
The orc shouts!
A quokka comes into view.
Found a stone staircase leading down.
You see here 3 gold pieces.
You hit the orc.
The orc is severely wounded.
The orc hits you with a +0 mace!
Ouch! That really hurt!
You barely miss the orc.
The orc is severely wounded.
The orc hits you with a +0 mace!
Ouch! That really hurt!
You die...

[#.######## ##..#.....#
##........# ##..
#...#@.g.... #..( ..#.#
...#. #..# .##.#
##.##..# ###.# #..... #
.# # #.# #...###.#...#
#.# ##.#.#@o...# #.##
#......#..##
###..######....### ..#
........$....######.r..
####................
.>. #...####..#######.
.. ###.#.# #..# .
....#.# #..# #####.#
$..#


You could see an orc and a quokka.

Vanquished Creatures
  2 orcs
  A giant cockroach (D:4)
  3 goblins
  A quokka (D:4)
  4 ball pythons
  3 bats
  A kobold (D:1)
15 creatures vanquished.

Notes
Turn   | Place    | Note
-------+----------+-------------------------------------------
     0 | D:1      | Bravepunisher the Spriggan Monk began the quest for the
                  | Orb.
     0 | D:1      | Reached XP level 1. HP: 11/11 MP: 2/2
   301 | D:3      | Reached XP level 2. HP: 13/16 MP: 3/3
   355 | D:4      | Found a broken altar of Ashenzari.
   356 | D:4      | Found a shimmering blue altar of Sif Muna.
   356 | D:4      | Found a sparkling altar of Nemelex Xobeh.
   371 | D:4      | Found a shimmering altar of Xom.
   454 | D:5      | Entered Level 5 of the Dungeon
   597 | D:4      | Noticed Eustachio
   621 | D:4      | Slain by an orc

Illustrated notes

Levels and vault maps discovered:
D:1:      heliophobic_arrival_enchanted_forest, layout_basic,
          basic_ecumenical_altar
D:2:      layout_basic, basic_altar, uniq_jessica
D:3:      layout_basic, vehumet_altar_wand_db, minmay_joined_circles
D:4:      layout_rooms, nicolae_overflow_quartered_altars, serial_shops,
          nicolae_shop_tiny_real_fake_doors, uniq_eustachio
D:5:      layout_loops_ring, serial_shops, nicolae_shop_drivethru,
          gup_sewer_entry_bubbles

Skill      XL: |  1  2 |
---------------+-------+-----
Fighting       | 3 |  3.0
Short Blades   | |  3.2
Dodging        | |  4.4

Action                     || total
---------------------------++-------
  Melee: Short sword       ||    55
   Stab: Sleeping          ||     1
 Armour: Robe              ||    28
  Dodge: Dodged            ||    39

Table legend: (Time is in decaauts)
 A = Elapsed time spent in this place.
 B = Non-inter-level travel time spent in this place.
 C = Inter-level travel time spent in this place.
 D = Time resting spent in this place.
 E = Time spent auto-exploring this place.
 F = Levels seen in this place.
 G = Mean time per level.
                   A        B        C        D        E       F      G
               +--------+--------+--------+--------+--------+-----+--------+
         Total |    433 |    425 |      8 |      0 |    231 |   5 |   86.6 |
       Dungeon |    433 |    425 |      8 |      0 |    231 |   5 |   86.6 |
               +--------+--------+--------+--------+--------+-----+--------+

Top non-repeatable levels by time:
     D:4: 154 daAuts
     D:1: 110 daAuts
     D:2: 71 daAuts
     D:3: 66 daAuts
     D:5: 30 daAuts
